 Dungeon Crawl Stone Soup version 0.27.1-3-gb3d3a73c9e (webtiles) character file.

Game seed: 6191497929369596768

118577 theEndsummarily the Warrior (level 17, -3/131 HPs)
             Began as a Djinni Hedge Wizard on Oct 14, 2021.
             Was an Elder of Qazlal.
             Slain by a bunyip (26 damage)
             ... on level 3 of the Swamp on Oct 27, 2021.
             The game lasted 06:11:58 (51432 turns).

theEndsummarily the Warrior (Djinni Hedge Wizard)  Turns: 51432, Time: 06:11:59

Health: -3/131     AC: 15    Str: 11    XL:     17   Next: 32%
Gold:   1949       EV: 17    Int: 20    God:    Qazlal [****..] SH:  5 Dex: 14

rFire    + . .     SeeInvis .   i - +6 demon blade (vamp)
rCold    . . .     Faith    .   (no shield)
rNeg     . . .     Spirit   .   J - +2 leather armour {Will+}
rPois    ∞         Reflect  .   T - +1 helmet
rElec    .         Harm     .   G - +2 cloak {rCorr}
rCorr    +         Rampage  .   (no gloves)
Will     ++...                  (boots unavailable)
Stlth    +.........             h - amulet of the acrobat
HPRegen  0.31/turn              m - ring of ice
MPRegen  0.00/turn              U - +4 ring of protection

@: confusing by touch, flying, studying 2 skills, invisible, repel missiles
A: sickness immunity, fire resistance 2, cold vulnerability 1, float, innate
caster, hp casting, extra vitality 1
a: Renounce Religion, Upheaval, Elemental Force


You were on level 3 of the Swamp.
You worshipped Qazlal.
Qazlal was greatly pleased with you.
You visited 5 branches of the dungeon, and saw 27 of its levels.
You also visited: Gauntlet and Volcano.

You collected 2674 gold pieces.
You spent 538 gold pieces at shops.
You donated 187 gold pieces to Zin.

Inventory:

Hand Weapons
 i - a +6 vampiric demon blade (weapon)
 R - a +1 long sword of holy wrath
 Z - a +3 scimitar of flaming
Missiles
 b - 39 boomerangs
 k - 3 datura-tipped darts
 q - a throwing net
 u - 116 poisoned darts
 A - 24 curare-tipped darts
 K - 10 silver javelins
Armour
 c - a +2 kite shield of reflection
 d - a +0 troll leather armour
 G - a +2 cloak of preservation (worn)
 J - a +2 leather armour of willpower (worn)
 M - the +4 ring mail of Okawaru's Reproof {-Cast rElec rPois rCorr}
   (You bought it in a shop on level 10 of the Dungeon)

   rElec:     It insulates you from electricity.
   rPois:     It protects you from poison.
   -Cast:     It prevents spellcasting.
   rCorr:     It protects you from acid and corrosion.
 O - a +2 robe of cold resistance
 T - a +1 helmet (worn)
 X - a +3 chain mail of willpower
Jewellery
 h - an amulet of the acrobat (around neck)
 m - a ring of ice (left hand)
 p - an amulet of reflection
 v - a ring of willpower
 P - the ring of Uhuehedgh {rF+ rN+ Dex+3}
   (You found it in a Gauntlet)

   [ring of protection from fire]

   Dex:       It affects your dexterity (+3).
   rF:        It protects you from fire.
   rN:        It protects you from negative energy.
 Q - a ring of positive energy
 U - a +4 ring of protection (right hand)
Wands
 l - a wand of charming (18)
 w - a wand of paralysis (23)
 x - a wand of digging (12)
 y - a wand of iceblast (31)
 F - a wand of acid (5)
Scrolls
 e - 2 scrolls of fear
 g - a scroll of magic mapping
 j - 5 scrolls of immolation
 o - 3 scrolls of holy word
 t - a scroll of fog
 z - a scroll of blinking
 H - 6 scrolls of enchant armour
 I - 3 scrolls of vulnerability
 S - a scroll of identify
Potions
 a - 2 potions of attraction
 f - 11 potions of curing
 n - 3 potions of haste
 r - 4 potions of heal wounds
 s - 2 potions of berserk rage
 B - 2 potions of brilliance
 D - 3 potions of mutation
 E - 3 potions of resistance
 N - 2 potions of invisibility
 V - 2 potions of might
 Y - a potion of cancellation
Miscellaneous
 L - a box of beasts (inert)
 W - a phantom mirror (inert)


   Skills:
 * Level 15.6 Fighting
 * Level 9.3 Long Blades
 - Level 7.0 Armour
 + Level 12.6 Dodging
 - Level 1.5 Stealth
 + Level 2.1 Shields
 * Level 12.2 Spellcasting
 + Level 12.0 Invocations


You couldn't memorise any spells.
You knew the following spells:

 Your Spells              Type           Power      Damage    Failure   Level
a - Magic Dart            Conj           100%       1d8       1%          1
b - Blink                 Tloc           N/A        N/A       1%          2
c - Call Imp              Summ           57%        N/A       1%          2
d - Slow                  Hex            57%        N/A       1%          2
e - Conjure Flame         Conj/Fire      57%        6-21      1%          3
f - Mephitic Cloud        Conj/Pois/Air  57%        N/A       1%          3
g - Sting                 Tmut/Pois      100%       1d8       1%          1
h - Poisonous Vapours     Pois/Air       100%       N/A       1%          2
i - Tukima's Dance        Hex            57%        N/A       1%          3
j - Confusing Touch       Hex            57%        N/A       1%          3
k - Airstrike             Air            28%        N/A       1%          4
l - Silence               Hex/Air        28%        N/A       1%          5
m - Simulacrum            Ice/Necr       37%        N/A       7%          6
n - Haunt                 Necr/Summ      28%        N/A       36%         7
Your spell library was empty.

Dungeon Overview and Level Annotations

Branches:
Dungeon (15/15)            Temple (1/1) D:7            Lair (6/6) D:8
  Swamp (3/4) Lair:3       Spider (0/4) Lair:3        Slime (0/5) Lair:6
    Orc (2/2) D:12            Elf (0/3) Orc:2        Vaults (0/5) D:13
 Depths (0/5) D:15        Volcano (visited)         Gauntlet (visited)

Altars:
Ashenzari
Cheibriados
Dithmenos
Elyvilon
Fedhas
Gozag
Hepliaklqana
Kikubaaqudgha
Makhleb
Nemelex Xobeh
Okawaru
Qazlal
Ru
Sif Muna
Trog
Uskayaw
Vehumet
Wu Jian
Xom
Yredelemnul
Zin
The Shining One
Beogh
Jiyva

Shops:
D:6 ?   D:10 [   Orc:1 ?   Orc:2 (([!

Annotations:
D:5 2 transporters, onlghost's ghost, novice DsFi
D:7 exclusion: downstairs
D:9 exclusion: downstairs
D:10 2 transporters
D:14 4 runed translucent doors
Lair:1 exclusion: downstairs


Innate Abilities, Weirdness & Mutations

You are immune to sickness and miasma.
You are immune to poison.
Your flesh is very heat resistant. (rF++)
You are vulnerable to cold. (rC-)
You float through the air rather than walking.
You learn spells naturally, not from books.
Your magical power is your life essence.
You have superior vitality. (+4 HP)


Message History

The ball explodes into a vile cloud!
The stinking cloud engulfs the spriggan rider but does no damage.
* * * LOW HITPOINT WARNING * * *
The spriggan rider is engulfed in freezing vapours.
The spriggan rider is struck by lightning.
You kill the spriggan!
Qazlal accepts your kill.
The spriggan rider is engulfed in noxious fumes. x4
Press: ? - help, v - describe, . - travel
Here: a hornet (almost dead, confused, very poisoned) Some shallow water.
Throw: 39 boomerangs
Press: ? - help, Shift-Dir - straight line, f - hornet
Aim: a hornet (almost dead, confused, very poisoned, 76% to hit)
You throw a boomerang. The boomerang hits the hornet.
The hornet is almost dead.
You kill the hornet!
Qazlal accepts your kill.
The spriggan rider is engulfed in noxious fumes.
The spriggan rider appears confused.
The spriggan rider is engulfed in noxious fumes. x2
The spriggan rider appears confused.
The spriggan rider hits the spriggan rider with a +0 spear!
Your surroundings suddenly seem different.
A bunyip comes into view.
Found a stone staircase leading up.
Casting: Mephitic Cloud (safe; 1% risk of failure)
Confirm with . or Enter, or press ? or * to list all spells.
Your hands begin to glow red.
* * * LOW HITPOINT WARNING * * *
Okay, then.
Press: ? - help, v - describe, . - travel
Here: a bunyip (chance to confuse on hit: 41%) Some shallow water.
You fade into invisibility!
The bunyip claws you but does no damage.
The bunyip claws you.
* * * LOW HITPOINT WARNING * * *
The bunyip claws you!!
You die...

♣♣ ≈ ♣.. ≈≈
♣♣... ≈≈≈
♣♣♣♣♣♣≈≈..<
≈≈≈≈♣≈..≈......
≈≈≈...≈≈≈§≈....
....≈☼≈○≈≈≈≈..#
♣.≈≈≈@x≈....#
♣♣..≈☼§.....#
♣♣≈≈≈○.....#
♣≈≈≈≈..##.##
♣...♣♣.# # ..♣♣
.. .♣♣ .## .≈
♣.


You could see a bunyip.

Vanquished Creatures
  A fenstrider witch (Swamp:1)
  An orc warlord (Orc:2)
  3 bunyips (Swamp:2)
  A minotaur (Gauntlet)
  An eleionoma (Swamp:1)
  2 shambling mangroves
  16 hydras
  Fannar (Lair:2)
  9 boulder beetles
  2 ogre magi
  3 centaur warriors
  2 alligators
  10 two-headed ogres
  Erica (D:9)
  2 tengu warriors
  6 skeletal warriors (D:14)
  A goliath frog (Lair:6)
  A spriggan druid (Swamp:1)
  A wizard (D:15)
  A lindwurm (Lair:6)
  3 orc sorcerers
  2 necromancers
  3 orc knights
  A will-o-the-wisp (Swamp:1)
  13 slime creatures
  Maurice (Orc:2)
  14 elephants
  3 manticores
  8 ugly things
  5 cyclopes
  7 black mambas
  2 torpor snails
  A naga mage (D:15)
  3 gargoyles
  20 cane toads
  5 rime drakes
  10 komodo dragons
  An efreet (D:15)
  2 freezing wraiths (D:14)
  4 kobold demonologists
  4 polar bears
  A tengu conjurer (Gauntlet)
  7 trolls
  7 tyrant leeches
  A hornet (shapeshifter) (D:13)
  11 hornets
  22 blink frogs
  12 dream sheep
  A redback (Lair:3)
  8 flying skulls (Gauntlet)
  A wraith (D:13)
  A centaur simulacrum (D:15)
  6 spriggans
  5 wyverns
  A shadow (D:12)
  2 basilisks
  8 fire bats (Volcano)
  A wyvern (shapeshifter) (D:15)
  3 steam dragons
  39 yaks
  2 dancing weapons
  8 vampire mosquitoes
  3 wargs
  7 swamp worms
  18 water moccasins
  A swamp drake (Swamp:2)
  24 orc warriors
  An ice beast (D:5)
  3 sky beasts
  A meliai simulacrum (D:15)
  4 black bears
  7 necrophages (Lair:4)
  4 ogres
  A centaur (D:10)
  4 wolves (Gauntlet)
  A phantom (D:6)
  3 kobold brigands
  15 bullfrogs
  4 scorpions
  2 wyvern zombies
  A water moccasin zombie (D:7)
  5 wights
  3 electric eels
  5 howler monkeys
  6 lava snakes (Volcano)
  3 bullfrog zombies
  10 centaur zombies
  A human zombie (D:7)
  7 hounds
  22 orc priests
  3 jellies
  A gnoll shaman (D:6)
  3 iguanas (D:6)
  Terence (D:2)
  4 centaur skeletons
  Natasha (thrice) (D:2)
  20 orc wizards
  Ijyb (D:5)
  7 hell rats (Lair:6)
  A hound skeleton (D:5)
  A mummy (D:7)
  3 howler monkey zombies
  Robin (D:2)
  A gnoll (D:1)
  11 adders
  An ufetubus (D:6)
  2 worms
  6 dart slugs
  63 orcs
  5 ball pythons
  4 endoplasms
  4 giant cockroaches
  20 goblins
  4 hobgoblins
  7 kobolds
  3 quokkas
  5 bats
  A frilled lizard (D:3)
  4 rats
680 creatures vanquished.

Vanquished Creatures (collateral kills)
  8 two-headed ogres
  An alligator (Swamp:2)
  Urug (D:10)
  A hell knight (Volcano)
  Sonja (D:10)
  A goliath frog (Swamp:2)
  A wizard (D:13)
  A deep elf pyromancer (D:13)
  An ugly thing (D:15)
  A cyclops (Orc:1)
  An efreet (D:15)
  A hornet (Swamp:3)
  A tyrant leech (Swamp:1)
  A spriggan (Swamp:1)
  5 orc warriors
  2 ogres (Orc:2)
  A kobold brigand (D:4)
  A wight (D:9)
  An orc priest (Orc:1)
  3 orc wizards
  7 orcs
  A ball python (D:1)
  2 endoplasms (D:1)
  A giant cockroach (D:2)
  2 goblins (D:10)
  A kobold (D:1)
48 creatures vanquished.

Vanquished Creatures (others)
  A wizard (D:14)
  A tengu conjurer (Gauntlet)
  A bloated husk (Swamp:1)
  12 dancing weapons
  An orc (D:7)
  3 bushes
  A demonic plant (Gauntlet)
  2 foxfires (Swamp:1)
  69 fungi
  139 plants
230 creatures vanquished.

Grand Total: 958 creatures vanquished

Notes
Turn   | Place    | Note
-------+----------+-------------------------------------------
     0 | D:1      | theEndsummarily the Djinni Hedge Wizard began the quest for
                  | the Orb.
     0 | D:1      | Reached XP level 1. HP: 15/15 MP: 0/0
    36 | D:1      | Reached skill level 1 in Fighting
    36 | D:1      | Reached XP level 2. HP: 14/22 MP: 0/0
   513 | D:1      | Reached XP level 3. HP: 24/27 MP: 0/0
   513 | D:1      | Learned a level 1 spell: Sting
  1068 | D:1      | Reached skill level 2 in Fighting
  1169 | D:2      | Found a faded altar of an unknown god.
  1216 | D:2      | Became a worshipper of Zin the Law-Giver
  1216 | D:2      | Reached * piety under Zin
  1601 | D:2      | Reached XP level 4. HP: 29/34 MP: 0/0
  1665 | D:2      | Noticed Robin
  2136 | D:2      | Noticed Natasha
  2827 | D:2      | Reached XP level 5. HP: 28/40 MP: 0/0
  2827 | D:2      | Learned a level 2 spell: Poisonous Vapours
  2963 | D:2      | Killed Robin
  2964 | D:2      | Reached skill level 3 in Fighting
  3126 | D:2      | Killed Natasha
  3289 | D:2      | Noticed Natasha
  3298 | D:2      | Killed Natasha
  3611 | D:2      | Noticed Terence
  3790 | D:2      | Noticed Natasha
  3796 | D:2      | Killed Natasha
  3917 | D:2      | Killed Terence
  3918 | D:2      | Reached XP level 6. HP: 25/46 MP: 0/0
  4153 | D:3      | Noticed a water moccasin
  4162 | D:3      | Killed a water moccasin
  4163 | D:3      | Reached skill level 4 in Fighting
  4266 | D:3      | Found a white marble altar of Elyvilon.
  4268 | D:3      | Reached ** piety under Zin
  4668 | D:3      | Found a shadowy altar of Dithmenos.
  4852 | D:3      | Found a stormy altar of Qazlal.
  5361 | D:3      | Reached XP level 7. HP: 39/52 MP: 0/0
  5361 | D:3      | Learned a level 3 spell: Tukima's Dance
  6282 | D:4      | Reached skill level 5 in Fighting
  6617 | D:4      | Reached *** piety under Zin
  6840 | D:4      | Reached XP level 8. HP: 34/59 MP: 0/0
  7050 | D:4      | Donated 84 gold pieces to Zin
  7056 | D:4      | Found a sacrificial altar of Ru.
  7105 | D:5      | Entered Level 5 of the Dungeon
  7460 | D:5      | Reached skill level 1 in Invocations
  7743 | D:5      | Noticed Ijyb
  7753 | D:5      | Killed Ijyb
  7754 | D:5      | Reached skill level 5 in Dodging
  7781 | D:5      | Reached skill level 6 in Fighting
  7781 | D:5      | Reached skill level 5 in Spellcasting
  8170 | D:5      | Noticed onlghost's ghost (novice DsFi)
  8190 | D:5      | Identified the +3 plate armour "Ynaut" {rF+}
  8208 | D:5      | Found a transporter.
  8245 | D:5      | Reached XP level 9. HP: 64/67 MP: 0/0
  8245 | D:5      | Learned a level 3 spell: Confusing Touch
  8309 | D:5      | Found a transporter.
  9109 | D:6      | Found Neuch's Magic Scroll Shop.
  9114 | D:6      | Bought a scroll of fog for 22 gold pieces
  9114 | D:6      | Bought a scroll of noise for 11 gold pieces
  9174 | D:6      | Reached skill level 7 in Fighting
  9939 | D:7      | Reached **** piety under Zin
 10096 | D:7      | Noticed a boulder beetle
 10111 | D:7      | Killed a boulder beetle
 10112 | D:7      | Reached skill level 8 in Fighting
 10112 | D:7      | Reached XP level 10. HP: 18/76 MP: 0/0
 10480 | D:7      | Found a snail-covered altar of Cheibriados.
 11017 | D:7      | Found a staircase to the Ecumenical Temple.
 11023 | Temple   | Entered the Ecumenical Temple
 12422 | D:8      | Reached ***** piety under Zin
 12499 | D:8      | Found a staircase to the Lair.
 13393 | D:9      | Reached skill level 9 in Fighting
 13576 | D:9      | Reached skill level 5 in Invocations
 13757 | D:9      | Noticed a boulder beetle
 13824 | D:9      | Noticed a two-headed ogre
 13842 | D:9      | Killed a boulder beetle
 13843 | D:9      | Reached XP level 11. HP: 65/84 MP: 0/0
 13843 | D:9      | Learned a level 4 spell: Airstrike
 13878 | D:9      | Killed a two-headed ogre
 14113 | D:9      | Found an opulent altar of Gozag.
 14635 | D:9      | Reached skill level 10 in Fighting
 14649 | D:9      | Noticed a soul eater
 14668 | D:9      | Noticed a sixfirhy
 15035 | D:10     | Entered Level 10 of the Dungeon
 15035 | D:10     | Noticed Urug
 15035 | D:10     | Noticed a two-headed ogre
 15281 | D:10     | Noticed Erica
 15308 | D:9      | Killed Erica
 15533 | D:10     | Killed Urug
 16028 | D:10     | Noticed Sonja
 16032 | D:10     | Noticed a two-headed ogre
 16034 | D:10     | Noticed a two-headed ogre
 16044 | D:10     | Killed a two-headed ogre
 16048 | D:10     | Killed Sonja
 16052 | D:10     | Killed a two-headed ogre
 16193 | D:10     | Found Sodomah's Antique Armour Boutique.
 16197 | D:10     | Found an iron altar of Okawaru.
 16202 | D:10     | Killed a two-headed ogre
 16203 | D:10     | Noticed a stone giant
 16205 | D:10     | Bought a polished ring mail for 225 gold pieces
 16205 | D:10     | Identified the +4 ring mail of Okawaru's Reproof {-Cast
                  | rElec rPois rCorr} (You bought it in a shop on level 10 of
                  | the Dungeon)
 16207 | D:10     | Found a transporter.
 16207 | D:10     | Noticed a skeletal warrior
 16225 | D:10     | Noticed a cyclops
 16230 | D:10     | Found a transporter.
 16388 | D:11     | Noticed a boulder beetle
 16409 | D:10     | Reached XP level 12. HP: 81/93 MP: 0/0
 16837 | D:11     | Noticed a two-headed ogre
 16843 | D:11     | Killed a boulder beetle
 16844 | D:11     | Reached skill level 11 in Fighting
 16850 | D:11     | Killed a two-headed ogre
 19139 | Lair:1   | Entered Level 1 of the Lair of Beasts
 19883 | Lair:1   | Noticed an eight-headed hydra
 19916 | Lair:1   | Killed an eight-headed hydra
 19917 | Lair:1   | Reached skill level 1 in Armour
 20579 | Lair:2   | Noticed Fannar
 20579 | Lair:2   | Noticed a six-headed hydra
 20579 | Lair:2   | Noticed a six-headed hydra
 20877 | Lair:1   | Killed a six-headed hydra
 21073 | Lair:1   | Killed a six-headed hydra
 21074 | Lair:1   | Reached XP level 13. HP: 85/100 MP: 0/0
 21074 | Lair:1   | Learned a level 5 spell: Silence
 21311 | Lair:2   | Killed Fannar
 21312 | Lair:2   | Reached skill level 12 in Fighting
 23063 | Lair:3   | Reached skill level 10 in Dodging
 23281 | Lair:3   | Noticed a four-headed hydra
 23293 | Lair:3   | Killed a four-headed hydra
 23294 | Lair:3   | Reached skill level 10 in Spellcasting
 23454 | Lair:3   | Noticed a four-headed hydra
 23467 | Lair:3   | Killed a four-headed hydra
 23613 | Lair:3   | Noticed a six-headed hydra
 23625 | Lair:3   | Killed a six-headed hydra
 23885 | Lair:3   | Found a hole to the Spider Nest.
 24555 | Lair:3   | Identified the +2 robe "Doganig" {Str+2 Dex+4}
 25048 | Lair:3   | Found a staircase to the Swamp.
 25160 | Lair:4   | Noticed a seven-headed hydra
 25832 | Lair:4   | Reached skill level 1 in Long Blades
 26203 | Lair:4   | Killed a seven-headed hydra
 26378 | Lair:4   | Reached XP level 14. HP: 102/108 MP: 0/0
 26564 | Lair:4   | Reached ****** piety under Zin
 26597 | Lair:4   | Reached skill level 13 in Fighting
 27301 | Lair:5   | HP: 4/110 [polar bear (3)]
 28513 | Lair:5   | Reached skill level 5 in Armour
 29166 | Lair:5   | Identified a scroll of acquirement
 29194 | Lair:5   | Acquired a manual of Invocations
 29202 | Lair:6   | Entered Level 6 of the Lair of Beasts
 29919 | Lair:6   | Found a viscous altar of Jiyva.
 29919 | Lair:6   | Found a staircase to the Slime Pits.
 33368 | Lair:6   | Reached skill level 5 in Long Blades
 33728 | Lair:6   | Reached XP level 15. HP: 90/116 MP: 0/0
 33728 | Lair:6   | Learned a level 6 spell: Simulacrum
 34641 | Lair:6   | Reached skill level 14 in Fighting
 37568 | D:12     | Found a staircase to the Orcish Mines.
 37607 | D:12     | Was placed under penance by Zin
 37844 | D:3      | Fell from the grace of Zin
 37844 | D:3      | Became a worshipper of Qazlal Stormbringer
 38068 | D:12     | Reached skill level 10 in Invocations
 39418 | D:13     | Found a gate to the Vaults.
 41010 | Orc:1    | Entered Level 1 of the Orcish Mines
 41017 | Orc:1    | Found Exoph's Magic Scroll Boutique.
 41133 | Orc:1    | Found a dark tunnel.
 41141 | Volcano  | Entered a volcano
 41631 | Volcano  | Found a bloodstained altar of Trog.
 41650 | Volcano  | Found a burning altar of Makhleb.
 41893 | Orc:1    | Reached * piety under Qazlal
 41899 | Orc:1    | Reached XP level 16. HP: 103/124 MP: 0/0
 42211 | Orc:2    | Entered Level 2 of the Orcish Mines
 42211 | Orc:2    | Found a staircase to the Elven Halls.
 42429 | Orc:2    | Noticed Maurice
 42436 | Orc:2    | Killed Maurice
 42842 | Orc:2    | Reached ** piety under Qazlal
 42937 | Orc:2    | Found Dudosew's Distillery.
 42962 | Orc:2    | Bought a potion of heal wounds for 70 gold pieces
 43399 | Orc:2    | Found Toacvoxo's Antique Weapon Shoppe.
 43671 | Orc:2    | Reached *** piety under Qazlal
 43688 | Orc:2    | Found Olaow's Antique Weapon Shoppe.
 43693 | Orc:2    | Found Atimao's Antique Armour Emporium.
 43781 | Orc:2    | Bought a glowing hat for 210 gold pieces
 44735 | D:14     | Found a huge runed translucent gate.
 44737 | D:14     | Found a huge runed translucent gate.
 44737 | D:14     | Found a huge runed translucent gate.
 44737 | D:14     | Found a huge runed translucent gate.
 45350 | D:15     | Entered Level 15 of the Dungeon
 45708 | D:15     | Reached skill level 15 in Fighting
 45709 | D:15     | Found a gate leading to a gauntlet.
 45718 | Gauntlet | Entered a Gauntlet
 45718 | Gauntlet | Found a transporter.
 45718 | Gauntlet | Found a transporter.
 45725 | Gauntlet | Found a runed translucent door.
 45726 | Gauntlet | Found a transporter.
 45727 | Gauntlet | Found a runed translucent door.
 45732 | Gauntlet | Found a transporter.
 45732 | Gauntlet | Found a transporter.
 45735 | Gauntlet | Found a transporter.
 45776 | Gauntlet | Found a transporter.
 45777 | Gauntlet | Found a transporter.
 45777 | Gauntlet | Found a transporter.
 45791 | Gauntlet | Found a transporter.
 45807 | Gauntlet | Found a transporter.
 45820 | Gauntlet | Found a transporter.
 45831 | Gauntlet | Found a transporter.
 45850 | Gauntlet | Found a transporter.
 45914 | Gauntlet | Identified the +8 chain mail of Inaction {rPois}
 46111 | Gauntlet | Identified the ring of Uhuehedgh {rF+ rN+ Dex+3}
 46863 | D:15     | Reached **** piety under Qazlal
 46980 | D:15     | Found a hazy altar of Hepliaklqana.
 48145 | D:15     | Found a broken altar of Ashenzari.
 48363 | D:15     | Found a staircase to the Depths.
 48805 | Swamp:1  | Entered Level 1 of the Swamp
 49373 | Swamp:1  | Reached skill level 1 in Shields
 49373 | Swamp:1  | Reached XP level 17. HP: 121/131 MP: 0/0
 49373 | Swamp:1  | Learned a level 7 spell: Haunt
 51369 | Swamp:2  | Found a stormy altar of Qazlal.
 51382 | Swamp:2  | You are sucked into a shaft and drop 1 floor!
 51432 | Swamp:3  | Slain by a bunyip

Illustrated notes

Levels and vault maps discovered:
D:1:      ncdulo_watergridlock, layout_basic
D:2:      layout_basic, hellmonk_ecumenical_altar_crossroads, uniq_robin,
          uniq_natasha, uniq_terence
D:3:      layout_loops_corners, mainiacjoe_overflow_catwalk, pf_just_have_faith,
          lemuel_coloured_pillars_altar
D:4:      layout_rooms, nicolae_ru_the_path_less_chosen, grunt_ministairs_12
D:5:      layout_loops_cross, gammafunk_ghost_stat_death, uniq_ijyb
D:6:      minmay_general_purpose_star, layout_cave_pools, serial_shops,
          nicolae_shop_stone
D:7:      minmay_chambers_of_fours, layout_basic,
          lemuel_mausoleum_altar_kikubaaqudgha, mainiacjoe_overflow_alcove_2,
          minmay_temple_entry_fiery
D:8:      kennysheep_ambush_hall, layout_rooms, erik_lair_orcish_takeover,
          hangedman_decor_opposing
D:9:      layout_irregular_city, lemuel_round_altar, kennysheep_generic_room_5
D:10:     layout_small_grid, gammafunk_temple_overflow_arena, serial_shops,
          shop, enter_bailey_5, uniq_urug, uniq_sonja, uniq_erica
D:11:     layout_gridville
D:12:     layout_loops_cross, orc_0_dummy, serial_co_window_serial,
          co_window_corner_a, co_window_of_opportunity_a, co_window_paths_b,
          co_window_paths_b, co_window_paths_b, co_window_of_opportunity_c,
          co_window_unsneaky_path_d, co_window_corner_b, co_window_paths_c,
          glass_columns_a, glass_columns_c, glass_columns_c, glass_columns_a,
          glass_columns_c, feat_on_display
D:13:     layout_basic, david_vaults_1
D:14:     lemuel_bear_cage, layout_stronghold, chequers_serial_rivers_marsh
D:15:     grunt_enter_depths_magical_seal, layout_basic, gauntlet_entry_generic,
          nicolae_hepliaklqana_hazy_memory, minmay_crystal_room,
          ashenzari_conservatory_becter
Temple:   eino_temple_lava
Lair:1:   layout_regular_city
Lair:2:   layout_cave_shapes, chequers_serial_rivers_room_b, uniq_fannar
Lair:3:   layout_loops_ring, palyth_hydra_swamp_entry, spider_nest_entry_rubble,
          hangedman_lair_unloving_vines
Lair:4:   layout_long_grid, roderic_carrion_pond
Lair:5:   layout_hall_layers, minivault_26, guppyfry_lair_drakes,
          lemuel_fruit_fields, grunt_megastairs_4, serial_bayou_shore_b
Lair:6:   minmay_lair_end_frog_pond, layout_long_grid, slime_altar_1,
          st_stairs_8, minivault_11
Swamp:1:  nicolae_swamp_ascending_descending, layout_basic_swamp,
          serial_swamp_ruin, evilmike_swamp_ruin_house_3,
          evilmike_swamp_ruin_wall
Swamp:2:  layout_basic_swamp, basic_altar, swamp_pool5
Swamp:3:  layout_basic_swamp, hangedman_swamp_ruin_wall
Orc:1:    layout_diamond_mine, basic_altar, serial_shops,
          nicolae_shop_window_shopping, lightli_volcano_entry_magma_tube,
          portal_ice_cave_entry_pillars_1
Orc:2:    grunt_orc_community_town_hall, layout_diamond_mine,
          grunt_orc_community_big_house_1, grunt_orc_community_big_house_2,
          grunt_orc_community_house_2, grunt_orc_community_house_2,
          grunt_orc_community_house_3, grunt_orc_community_house_2,
          nicolae_orc_tapped_out, uniq_maurice

Skill      XL: |  1  2  3  4  5  6  7  8  9 10 11 12 13 14 15 16 17 |
---------------+----------------------------------------------------+-----
Fighting       | 1 2 3 4 5 6 8 9 10 11 12 13 14 15 | 15.6
Dodging        | 3 4 5 6 7 8 9 10 11 12 | 12.6
Spellcasting   | 3 4 5 6 7 8 9 10 11 12 | 12.2
Invocations    | 2 4 5 6 7 8 9 10 11 12 | 12.0
Armour         | 2 4 5 7 |  7.0
Long Blades    | 1 5 7 8 9 |  9.3
Shields        | 1 2 |  2.1
Stealth        | |  1.5

Action                   |  1- 3 |  4- 6 |  7- 9 | 10-12 | 13-15 | 16-18 || total
-------------------------+-------+-------+-------+-------+-------+-------++-------
Melee: Dagger            |   123 |    71 |    44 |       |       |       ||   238
       Long sword        |       |       |    10 |       |       |       ||    10
       Hand axe          |       |       |    98 |   156 |       |       ||   254
       Trident           |       |       |       |   285 |   742 |       ||  1027
       Broad axe         |       |       |       |     3 |       |       ||     3
       Demon blade       |       |       |       |       |    89 |   486 ||   575
       Scimitar          |       |       |       |       |       |     4 ||     4
Throw: Javelin           |       |       |       |     1 |     1 |       ||     2
       Dart              |       |       |       |       |       |     1 ||     1
       Boomerang         |       |       |       |       |       |     1 ||     1
 Cast: Magic Dart        |    21 |    85 |   148 |   108 |    55 |     1 ||   418
       Call Imp          |     5 |       |       |       |       |     4 ||     9
       Mephitic Cloud    |       |     5 |    23 |    31 |    94 |    56 ||   209
       Blink             |       |     2 |     2 |    13 |    49 |    12 ||    78
       Poisonous Vapours |       |    24 |    32 |    49 |   169 |    47 ||   321
       Conjure Flame     |       |     1 |    29 |    42 |    76 |    20 ||   168
       Tukima's Dance    |       |       |     8 |    34 |    22 |    18 ||    82
       Slow              |       |       |       |    18 |    71 |    21 ||   110
       Confusing Touch   |       |       |       |     1 |     1 |     1 ||     3
       Airstrike         |       |       |       |    28 |   247 |   114 ||   389
       Sting             |       |       |       |       |     7 |       ||     7
       Simulacrum        |       |       |       |       |    10 |    30 ||    40
Invok: Donate Gold       |       |       |     1 |       |       |       ||     1
       Recite            |       |       |     2 |     8 |     2 |       ||    12
       Vitalisation      |       |       |       |       |     1 |       ||     1
       Imprison          |       |       |       |       |     1 |       ||     1
       Sanctuary         |       |       |       |       |     1 |       ||     1
       Upheaval          |       |       |       |       |       |     3 ||     3
Evoke: Wand              |       |       |     2 |     7 |    12 |    13 ||    34
       Box of beasts     |       |       |       |       |     1 |     1 ||     2
       Phantom mirror    |       |       |       |       |       |     1 ||     1
  Use: Scroll            |       |       |     1 |     1 |    27 |     6 ||    35
       Potion            |       |       |       |     1 |     2 |     3 ||     6
 Stab: Sleeping          |     3 |     1 |       |     1 |     1 |       ||     6
       Confused          |       |       |    11 |    14 |    62 |    30 ||   117
       Paralysed         |       |       |       |    18 |     5 |     1 ||    24
       Distracted        |       |       |       |       |       |     1 ||     1
Armor: Robe              |    21 |    13 |    24 |   119 |   148 |       ||   325
       Ring mail         |       |       |       |    43 |    64 |       ||   107
       Plate armour      |       |       |       |     2 |       |       ||     2
       Leather armour    |       |       |       |       |    27 |   134 ||   161
Dodge: Dodged            |    78 |    41 |   132 |   442 |   887 |   375 ||  1955
       Repelled          |       |       |       |       |       |     6 ||     6
Block: Other             |       |       |       |       |     2 |    48 ||    50
       Rpst.: Long sword |       |       |     1 |       |       |       ||     1
       Demon blade       |       |       |       |       |    31 |    78 ||   109
       Scimitar          |       |       |       |       |       |     1 ||     1
